 Dungeon Crawl Stone Soup version 0.28-a0-1524-ge72afd5fc6 (webtiles) character file.

Game seed: 14327370369607311884

9 psuckher the Sneak (level 2, -4/25 HPs)
             Began as a Barachi Delver on Jan 17, 2022.
             Killed from afar by a white imp (8 damage)
             ... with a puff of frost
             ... on level 5 of the Dungeon.
             The game lasted 00:00:11 (42 turns).

psuckher the Sneak (Barachi Delver)                   Turns: 42, Time: 00:00:12

Health: -4/25      AC:  3    Str: 13    XL:     2   Next: 12%
Magic:  2/2        EV: 12    Int: 10    God:
Gold:   0          SH:  0    Dex: 13    Spells: 1/1 levels left

rFire   . . .      SeeInvis .   a - +0 falchion
rCold   . . .      Faith    .   (no shield)
rNeg    . . .      Spirit   .   b - +0 leather armour
rPois   .          Reflect  .   (no helmet)
rElec   .          Harm     .   (no cloak)
rCorr   .          Rampage  .   (no gloves)
Will    .....                   (no boots)
Stlth   +++.......              (no amulet)
HPRegen 0.08/turn               (no ring)
MPRegen 0.08/turn               (no ring)

@: slow
A: amphibious, slowness 1, strong legs 1, +LOS
a: Hop


You were on level 5 of the Dungeon.
You visited 1 branch of the dungeon, and saw 1 of its levels.

Inventory:

Hand Weapons
 a - a +0 falchion (weapon)
Armour
 b - a +0 leather armour (worn)
Wands
 g - a wand of digging (3)
Scrolls
 c - a scroll of fog
 d - a scroll of magic mapping
 e - a scroll of fear
Potions
 f - a potion of haste


   Skills:
 + Level 3.7 Fighting
 + Level 2.5 Long Blades
 + Level 2.3 Dodging
 + Level 4.8 Stealth


You had one spell level left.
You didn't know any spells.
Your spell library was empty.

Dungeon Overview and Level Annotations

Branches:
Dungeon (5/15)
 Temple: D:4-7

Altars:


Innate Abilities, Weirdness & Mutations

You are amphibious.
You cover ground slowly.
You can hop short distances.
You have an extended range of vision and can be seen from far away.


Message History

You hit the adder.
The adder is severely wounded.
The adder bites you. The adder bites you but does no damage.
You closely miss the adder.
The adder is severely wounded.
The adder barely misses you.
You miss the adder.
The adder is severely wounded.
The adder closely misses you. The adder misses you.
You hit the adder.
The adder is almost dead.
The adder closely misses you.
You barely miss the adder.
The adder is almost dead.
The adder misses you. The adder bites you but does no damage.
You hit the adder.
You kill the adder!
You have reached level 2!
You see here an adder corpse.
You see here a +0 flail.
A white imp comes into view.
The white imp gestures at you. The puff of frost hits you.
You hit the white imp.
The white imp is lightly wounded.
The white imp gestures at you. The puff of frost hits you!
The white imp completely misses you.
You closely miss the white imp. The white imp completely misses you.
You hit the white imp.
The white imp is lightly wounded.
The white imp hits you. The white imp freezes you.
* * * LOW HITPOINT WARNING * * *
You slash the white imp!
The white imp is severely wounded.
The white imp closely misses you.
You barely miss the white imp.
The white imp is severely wounded.
The white imp gestures at you. The puff of frost hits you!
You die...

#(# §§≈≈ ... ≈§§ # #.#
≈§≈ ..... §.. #.#.# #.#
#.#.########.#
#.#.#......#.#
##...#......#.###########
................@5.......
###..#.....†#.###########
....>####............#
###### #...)........#
#............#
...........######
.............#
.............#
.............#


You could see a white imp.

Vanquished Creatures
  An adder (D:5)
1 creature vanquished.

Notes
Turn   | Place    | Note
-------+----------+-------------------------------------------
     0 | D:5      | psuckher the Barachi Delver began the quest for the Orb.
     0 | D:5      | Reached XP level 1. HP: 18/18 MP: 1/1
    17 | D:5      | Reached XP level 2. HP: 22/25 MP: 2/2
    42 | D:5      | Killed from afar by a white imp

Illustrated notes

Levels and vault maps discovered:
D:5:      layout_basic, minmay_temple_entry_mist, serial_shops,
          nicolae_shop_stone

Action                   || total
-------------------------++-------
Melee: Falchion          ||    13
Armor: Leather armour    ||     3
Dodge: Dodged            ||    10

Table legend: (Time is in decaauts)
 A = Elapsed time spent in this place.
 B = Non-inter-level travel time spent in this place.
 C = Inter-level travel time spent in this place.
 D = Time resting spent in this place.
 E = Time spent auto-exploring this place.
 F = Levels seen in this place.
 G = Mean time per level.
                   A        B        C        D        E       F      G
               +--------+--------+--------+--------+--------+-----+--------+
         Total |     50 |     50 |      0 |      0 |      0 |   1 |   50.0 |
       Dungeon |     50 |     50 |      0 |      0 |      0 |   1 |   50.0 |
               +--------+--------+--------+--------+--------+-----+--------+

Top non-repeatable levels by time:
     D:5: 50 daAuts
